[ AOE2 MATCH · #505229690 ]
UnrankedCelts vs Mongols
Player's team · WIN
Rival team · LOSS
[ REPLAY ANALYSIS · EXTRACTED FROM THE RECORDED GAME ]
Feudal
13:07
Castle
16:58
Imperial
35:18
| APM avg | 82.2 |
| APM peak | 151 |
| eAPM avg | 48.8 |
| Villagers / military | 162 / 73 |
Focus
⚔️ 58.6% · 🌾 41.4%
Spearman ×34 · Knight ×19 · Monk ×10 · Militia ×4 · Scorpion ×3 · Mangonel ×1
Feudal
9:27
Castle
14:57
Imperial
—
| APM avg | 50.7 |
| APM peak | 86 |
| eAPM avg | 23.9 |
| Villagers / military | 109 / 47 |
Focus
⚔️ 32.0% · 🌾 68.0%
Camel Scout ×23 · Mangudai ×14 · Steppe Lancer ×7 · Monk ×3
Match map
Initial resources + every placement click. Lines = walls · curves = elevation contours. ◆ gold · ⬟ stone · ● berries · ✦ relic · ◌ wall gap
Your base· ✓ Closed at 16:58 · 48t walls · no gate
Jayklops's base· Open — opponent sealed themselves in
Smoothed initial terrain · ◌ = detected wall gap · hover for details
Inputs per minute
— Sóc Min - - Jayklops
Build order — Sóc Min
First 150 of 371 actions detected
| 0:01 | Queue | Villager (Male) ×4 |
| 0:01 | Queue | Villager (Male) ×4 |
| 0:02 | Queue | Villager (Male) ×4 |
| 0:02 | Build | House |
| 0:04 | Build | House |
| 1:31 | Queue | Villager (Male) |
| 1:31 | Queue | Villager (Male) |
| 1:31 | Queue | Villager (Male) |
| 1:31 | Queue | Villager (Male) |
| 2:00 | Queue | Villager (Male) |
| 2:01 | Queue | Villager (Male) |
| 2:01 | Queue | Villager (Male) |
| 2:28 | Build | Lumber Camp |
| 2:30 | Queue | Villager (Male) |
| 2:30 | Queue | Villager (Male) |
| 2:31 | Queue | Villager (Male) |
| 2:34 | Queue | Villager (Male) |
| 2:34 | Queue | Villager (Male) |
| 2:34 | Queue | Villager (Male) |
| 3:00 | Queue | Villager (Male) |
| 3:00 | Queue | Villager (Male) |
| 3:00 | Queue | Villager (Male) |
| 3:36 | Queue | Villager (Male) |
| 3:37 | Queue | Villager (Male) |
| 3:37 | Queue | Villager (Male) |
| 3:37 | Queue | Villager (Male) |
| 3:51 | Build | House |
| 4:24 | Queue | Villager (Male) |
| 4:24 | Queue | Villager (Male) |
| 4:24 | Queue | Villager (Male) |
| 4:52 | Queue | Villager (Male) |
| 4:52 | Queue | Villager (Male) |
| 5:09 | Queue | Villager (Male) |
| 5:09 | Queue | Villager (Male) |
| 5:14 | Build | Barracks |
| 5:32 | Build | House |
| 5:51 | Research | Loom |
| 5:51 | Research | Loom |
| 5:51 | Research | Loom |
| 5:52 | Queue | Villager (Male) |
| 5:58 | Build | Palisade Wall |
| 6:08 | Build | Palisade Wall |
| 6:09 | Queue | Militia |
| 6:10 | Queue | Militia |
| 6:10 | Queue | Militia |
| 6:14 | Build | Palisade Wall |
| 6:18 | Build | House |
| 6:18 | Queue | Villager (Male) |
| 6:19 | Queue | Villager (Male) |
| 6:26 | Queue | Militia |
| 6:40 | Build | Palisade Wall |
| 6:48 | Build | Palisade Wall |
| 6:57 | Build | Palisade Wall |
| 6:59 | Queue | Villager (Male) |
| 7:27 | Queue | Villager (Male) |
| 7:45 | Queue | Villager (Male) |
| 8:03 | Build | Mill |
| 8:09 | Queue | Villager (Male) |
| 8:33 | Build | Farm |
| 8:33 | Queue | Villager (Male) |
| 8:36 | Build | House |
| 8:52 | Build | Farm |
| 8:56 | Build | Farm |
| 8:59 | Queue | Villager (Male) |
| 9:05 | Build | Farm |
| 9:08 | Build | House |
| 9:23 | Queue | Villager (Male) |
| 9:25 | Build | Farm |
| 9:36 | Build | Farm |
| 9:57 | Queue | Villager (Male) |
| 9:58 | Build | Farm |
| 10:11 | Build | Farm |
| 10:14 | Build | Farm |
| 10:23 | Build | House |
| 10:26 | Queue | Villager (Male) |
| 10:38 | Build | Farm |
| 10:57 | Research | Feudal Age |
| 10:57 | Research | Feudal Age |
| 10:58 | Research | Feudal Age |
| 11:00 | Build | Mining Camp |
| 12:44 | Queue | Villager (Male) |
| 13:07 | Age | Feudal Age |
| 13:14 | Build | Stable |
| 13:18 | Build | Market |
| 13:25 | Queue | Villager (Male) |
| 13:27 | Build | Blacksmith |
| 14:09 | Build | Farm |
| 14:16 | Build | Palisade Wall |
| 14:18 | Research | Castle Age |
| 14:18 | Research | Castle Age |
| 14:18 | Research | Castle Age |
| 14:56 | Research | Double-Bit Axe |
| 14:56 | Research | Double-Bit Axe |
| 14:57 | Research | Double-Bit Axe |
| 14:57 | Research | Double-Bit Axe |
| 15:14 | Build | House |
| 15:43 | Build | House |
| 15:57 | Queue | Spearman |
| 16:01 | Research | Gold Mining |
| 16:02 | Research | Gold Mining |
| 16:02 | Research | Gold Mining |
| 16:02 | Research | Gold Mining |
| 16:25 | Build | House |
| 16:27 | Build | House |
| 16:34 | Build | Stable |
| 16:40 | Build | Stable |
| 16:54 | Build | House |
| 16:56 | Build | House |
| 16:58 | Age | Castle Age |
| 17:00 | Queue | Villager (Male) |
| 17:01 | Queue | Knight |
| 17:01 | Queue | Knight |
| 17:09 | Build | Monastery |
| 17:11 | Queue | Knight |
| 17:16 | Queue | Villager (Male) |
| 17:29 | Queue | Knight |
| 17:31 | Build | House |
| 17:33 | Build | House |
| 17:43 | Queue | Villager (Male) |
| 17:45 | Queue | Knight |
| 17:45 | Queue | Knight |
| 17:54 | Queue | Knight |
| 17:54 | Queue | Monk |
| 17:59 | Build | House |
| 18:02 | Build | House |
| 18:11 | Build | Farm |
| 18:15 | Build | Farm |
| 18:17 | Queue | Monk |
| 18:20 | Build | House |
| 18:24 | Queue | Knight |
| 18:24 | Queue | Knight |
| 18:24 | Queue | Knight |
| 18:30 | Build | Palisade Gate |
| 18:34 | Build | Farm |
| 18:36 | Queue | Villager (Male) |
| 18:42 | Queue | Knight |
| 18:42 | Queue | Knight |
| 19:02 | Build | Farm |
| 19:02 | Build | Farm |
| 19:03 | Build | Farm |
| 19:16 | Queue | Knight |
| 19:16 | Queue | Knight |
| 19:17 | Queue | Knight |
| 19:21 | Build | Farm |
| 19:27 | Queue | Villager (Male) |
| 19:28 | Build | Farm |
| 19:43 | Queue | Villager (Male) |
| 19:56 | Queue | Knight |
| 19:56 | Queue | Knight |
| 19:59 | Build | Farm |
Build order — Jayklops
First 150 of 291 actions detected
| 0:00 | Queue | Villager (Male) |
| 0:02 | Build | House |
| 0:02 | Build | House |
| 0:09 | Queue | Villager (Male) |
| 0:12 | Queue | Villager (Male) |
| 0:21 | Queue | Villager (Male) |
| 1:22 | Queue | Villager (Male) |
| 1:44 | Queue | Villager (Male) |
| 1:44 | Queue | Villager (Male) |
| 2:08 | Queue | Villager (Male) |
| 2:27 | Build | Lumber Camp |
| 3:04 | Queue | Villager (Male) |
| 3:04 | Queue | Villager (Male) |
| 3:04 | Queue | Villager (Male) |
| 3:06 | Queue | Villager (Male) |
| 3:06 | Queue | Villager (Male) |
| 3:21 | Queue | Villager (Male) |
| 3:22 | Queue | Villager (Male) |
| 3:42 | Queue | Villager (Male) |
| 3:45 | Queue | Villager (Male) |
| 3:46 | Queue | Villager (Male) |
| 4:02 | Build | House |
| 4:04 | Queue | Villager (Male) |
| 4:20 | Queue | Villager (Male) |
| 4:35 | Build | Mill |
| 5:10 | Build | House |
| 5:13 | Queue | Villager (Male) |
| 5:51 | Queue | Villager (Male) |
| 6:02 | Queue | Villager (Male) |
| 6:52 | Research | Loom |
| 6:54 | Research | Feudal Age |
| 8:45 | Build | Palisade Wall |
| 8:46 | Build | Palisade Wall |
| 8:47 | Build | Palisade Wall |
| 8:47 | Build | Palisade Wall |
| 8:50 | Build | Palisade Wall |
| 8:51 | Build | Palisade Wall |
| 8:52 | Build | Palisade Wall |
| 8:53 | Build | Palisade Wall |
| 8:56 | Build | Palisade Wall |
| 8:57 | Build | Palisade Wall |
| 8:58 | Build | Palisade Wall |
| 9:08 | Build | Mining Camp |
| 9:27 | Age | Feudal Age |
| 9:36 | Build | Barracks |
| 9:47 | Build | House |
| 9:49 | Queue | Villager (Male) |
| 9:51 | Research | Double-Bit Axe |
| 9:58 | Build | Palisade Wall |
| 10:00 | Build | Palisade Wall |
| 10:02 | Build | Palisade Wall |
| 10:22 | Queue | Villager (Male) |
| 10:40 | Build | Market |
| 10:43 | Queue | Villager (Male) |
| 11:35 | Queue | Villager (Male) |
| 11:38 | Build | Archery Range |
| 11:51 | Build | Stable |
| 12:17 | Research | Castle Age |
| 12:18 | Research | Castle Age |
| 12:21 | Build | Farm |
| 12:26 | Build | Farm |
| 12:57 | Build | Palisade Wall |
| 13:18 | Build | Blacksmith |
| 13:20 | Build | House |
| 13:34 | Research | Bloodlines |
| 13:34 | Research | Bloodlines |
| 13:55 | Build | Farm |
| 13:59 | Build | Farm |
| 14:04 | Queue | Villager (Male) |
| 14:09 | Queue | Villager (Male) |
| 14:31 | Build | Farm |
| 14:40 | Build | Farm |
| 14:43 | Build | House |
| 14:44 | Build | Palisade Wall |
| 14:57 | Age | Castle Age |
| 15:01 | Queue | Steppe Lancer |
| 15:04 | Queue | Villager (Male) |
| 15:29 | Queue | Steppe Lancer |
| 15:39 | Queue | Villager (Male) |
| 15:53 | Build | Farm |
| 15:54 | Build | Farm |
| 15:55 | Build | Farm |
| 16:04 | Queue | Steppe Lancer |
| 16:14 | Build | Farm |
| 16:16 | Build | Farm |
| 16:20 | Build | Farm |
| 16:42 | Queue | Villager (Male) |
| 16:50 | Queue | Steppe Lancer |
| 16:56 | Build | Farm |
| 16:59 | Build | Farm |
| 17:12 | Queue | Steppe Lancer |
| 17:15 | Queue | Villager (Male) |
| 17:15 | Queue | Villager (Male) |
| 17:20 | Build | House |
| 17:34 | Build | Siege Workshop |
| 17:38 | Build | Palisade Wall |
| 17:40 | Queue | Villager (Male) |
| 17:43 | Build | House |
| 17:48 | Queue | Steppe Lancer |
| 18:06 | Queue | Villager (Male) |
| 18:14 | Build | Farm |
| 18:28 | Queue | Villager (Male) |
| 18:32 | Queue | Steppe Lancer |
| 18:47 | Build | Farm |
| 18:51 | Research | Horse Collar |
| 18:51 | Research | Horse Collar |
| 19:09 | Build | Siege Workshop |
| 19:19 | Queue | Villager (Male) |
| 19:26 | Build | Farm |
| 19:31 | Build | Palisade Wall |
| 19:42 | Build | Palisade Wall |
| 19:47 | Queue | Camel Scout |
| 19:48 | Queue | Villager (Male) |
| 19:59 | Queue | Villager (Male) |
| 20:14 | Build | Monastery |
| 20:21 | Research | Forging |
| 20:21 | Research | Forging |
| 20:23 | Queue | Villager (Male) |
| 20:25 | Build | Farm |
| 20:37 | Queue | Villager (Male) |
| 20:47 | Queue | Villager (Male) |
| 20:52 | Build | Farm |
| 21:01 | Queue | Villager (Male) |
| 21:12 | Queue | Camel Scout |
| 21:14 | Queue | Monk |
| 21:16 | Build | House |
| 21:22 | Build | House |
| 21:46 | Queue | Villager (Male) |
| 21:53 | Research | Husbandry |
| 21:53 | Research | Husbandry |
| 21:57 | Build | Farm |
| 22:02 | Queue | Villager (Male) |
| 22:21 | Queue | Camel Scout |
| 22:23 | Queue | Villager (Male) |
| 22:28 | Build | Farm |
| 22:29 | Build | Farm |
| 22:33 | Queue | Villager (Male) |
| 22:58 | Queue | Villager (Male) |
| 23:02 | Queue | Villager (Male) |
| 23:07 | Queue | Monk |
| 23:08 | Queue | Camel Scout |
| 23:16 | Build | Stable |
| 23:17 | Queue | Villager (Male) |
| 23:24 | Queue | Villager (Male) |
| 23:33 | Queue | Villager (Male) |
| 23:33 | Queue | Camel Scout |
| 23:45 | Research | Wheelbarrow |
| 23:48 | Queue | Villager (Male) |
| 23:53 | Queue | Villager (Male) |
| 23:54 | Queue | Monk |
Match timeline
| 5:14 | Sóc Min · first_building Barracks |
| 5:58 | Sóc Min · wall_segment Palisade Wall x9 |
| 6:08 | Sóc Min · wall_segment Palisade Wall x11 |
| 6:14 | Sóc Min · wall_segment Palisade Wall x9 |
| 6:40 | Sóc Min · wall_segment Palisade Wall x12 |
| 6:48 | Sóc Min · wall_segment Palisade Wall x9 |
| 6:57 | Sóc Min · wall_segment Palisade Wall x2 |
| 8:45 | Jayklops · wall_segment Palisade Wall x1 |
| 8:46 | Jayklops · wall_segment Palisade Wall x1 |
| 8:47 | Jayklops · wall_segment Palisade Wall x1 |
| 8:47 | Jayklops · wall_segment Palisade Wall x1 |
| 8:50 | Jayklops · wall_segment Palisade Wall x1 |
| 8:51 | Jayklops · wall_segment Palisade Wall x1 |
| 8:52 | Jayklops · wall_segment Palisade Wall x1 |
| 8:53 | Jayklops · wall_segment Palisade Wall x1 |
| 8:56 | Jayklops · wall_segment Palisade Wall x1 |
| 8:57 | Jayklops · wall_segment Palisade Wall x1 |
| 8:58 | Jayklops · wall_segment Palisade Wall x1 |
| 9:27 | Jayklops · age_up feudal |
| 9:36 | Jayklops · first_building Barracks |
| 9:58 | Jayklops · wall_segment Palisade Wall x1 |
| 10:00 | Jayklops · wall_segment Palisade Wall x1 |
| 10:02 | Jayklops · wall_segment Palisade Wall x1 |
| 11:24 | Jayklops · first_market_sell 100 stone |
| 11:38 | Jayklops · first_building Archery Range |
| 11:51 | Jayklops · first_building Stable |
| 12:57 | Jayklops · wall_segment Palisade Wall x1 |
| 13:07 | Sóc Min · age_up feudal |
| 13:14 | Sóc Min · first_building Stable |
| 14:16 | Sóc Min · wall_segment Palisade Wall x2 |
| 14:44 | Jayklops · wall_segment Palisade Wall x4 |
| 14:57 | Jayklops · age_up castle |
| 16:58 | Sóc Min · age_up castle |
| 17:09 | Sóc Min · first_building Monastery |
| 17:34 | Jayklops · first_building Siege Workshop |
| 17:38 | Jayklops · wall_segment Palisade Wall x1 |
| 19:31 | Jayklops · wall_segment Palisade Wall x1 |
| 19:42 | Jayklops · wall_segment Palisade Wall x2 |
| 20:14 | Jayklops · first_building Monastery |
| 21:24 | Sóc Min · wall_segment Palisade Wall x1 |
| 24:26 | Sóc Min · first_market_buy 100 wood |
| 25:07 | Jayklops · first_market_buy 100 wood |
| 26:57 | Sóc Min · first_building Siege Workshop |
| 29:04 | Sóc Min · wall_segment Stone Wall x1 |
| 29:04 | Sóc Min · wall_segment Stone Wall x1 |
| 30:26 | Jayklops · wall_segment Stone Wall x7 |
| 30:30 | Jayklops · wall_segment Stone Wall x1 |
| 30:30 | Jayklops · wall_segment Stone Wall x1 |
| 30:48 | Jayklops · wall_segment Palisade Wall x1 |
| 31:36 | Jayklops · first_building Castle |
| 31:40 | Sóc Min · first_building Castle |
| 35:15 | Jayklops · wall_segment Stone Wall x1 |
| 35:16 | Jayklops · wall_segment Stone Wall x1 |
| 35:18 | Sóc Min · age_up imperial |
| 35:34 | Jayklops · resign |
[ AI ANALYSIS · 1 CREDIT ]
What really happened in this match?
Wolo.gg analyzes every decision: build order, eco, micro, common mistakes by bracket. Personalized analysis on WhatsApp or Discord in 30 seconds.
Civ guide
Celts
Perfil
Jugador #3580150